 Dungeon Crawl Stone Soup version 0.30-a0-1075-gcd70e7a56d (webtiles) character file.

Game seed: 11869095009083150599

205 Hubris850 the Sneak (level 5, -4/24 HPs)
             Began as a Spriggan Venom Mage on Apr 14, 2023.
             Slain by an ogre
             ... wielding a +0 giant club
              (25 damage)
             ... on level 4 of the Dungeon.
             The game lasted 00:09:22 (2700 turns).

Hubris850 the Sneak (Spriggan Venom Mage)           Turns: 2700, Time: 00:09:22

Health: -4/24      AC:  2    Str:  4      XL:     5   Next: 53%
Magic:  1/10       EV: 19    Int: 17      God:
Gold:   136        SH:  0    Dex: 24 (25) Spells: 7/10 levels left

rFire   . . .      SeeInvis +    j - +4 short sword of Arbitration {freeze, rPois Dex+2 Stlth+}
rCold   . . .      Faith    .    (no shield)
rNeg    . . .      Spirit   .    a - +0 robe
rPois   +          Reflect  .    (helmet restricted)
rElec   .          Rampage  .    (no cloak)
rCorr   .                        (gloves unavailable)
Will    .....                    (boots unavailable)
Stlth   +++++                    (no amulet)
HPRegen 0.24/turn                r - +6 ring of dexterity
MPRegen 0.12/turn                (no ring)

@: very quick
A: very small, no large weapons, unfitting armour, see invisible, speed 3
a: no special abilities


You were on level 4 of the Dungeon.
You visited 1 branch of the dungeon, and saw 4 of its levels.

You collected 136 gold pieces.

Inventory:

Hand Weapons
 d - a +0 dagger
 j - the +4 short sword of Arbitration (weapon) {freeze, rPois Dex+2 Stlth+}
   (You found it on level 2 of the Dungeon)

   Dex:       It affects your dexterity (+2).
   rPois:     It protects you from poison.
   Stlth:     It makes you more stealthy.
 w - a +1 dagger of flaming
Missiles
 f - 6 boomerangs
 q - 3 atropa-tipped darts
Armour
 a - a +0 robe (worn)
Magical Staves
 s - a staff of air
 x - a staff of death
Jewellery
 r - a +6 ring of dexterity (left hand)
Scrolls
 c - 3 scrolls of identify {unknown}
 h - 2 scrolls of fog {unknown}
 m - a scroll of brand weapon {unknown}
 n - a scroll of immolation {unknown}
 p - a scroll of teleportation {unknown}
 u - a scroll of butterflies {unknown}
Potions
 b - 2 potions of magic
 e - 2 potions of ambrosia {unknown}
 g - 3 potions of curing {unknown}
 i - a potion of cancellation {unknown}
 k - a potion of invisibility {unknown}
 l - a potion of haste {unknown}
 o - a potion of brilliance {unknown}
 t - 4 potions of flight {unknown}
 v - a potion of mutation {unknown}


   Skills:
 + Level 2.9 Short Blades
 - Level 3.0 Dodging
 + Level 5.7 Stealth
 - Level 3.0 Spellcasting
 - Level 1.3 Transmutations
 + Level 4.3 Poison Magic


You had 7 spell levels left.
You knew the following spells:

 Your Spells              Type           Power      Damage    Failure   Level
a - Sting                 Tmut/Pois      48%        1d5       5%          1
b - Poisonous Vapours     Pois/Air       18%        N/A       11%         2

Your spell library contained the following spells:

 Spells                   Type           Power      Damage    Failure   Level
 Slow                     Hex            8%         N/A       17%         1
 Blink                    Tloc           4%         N/A       26%         2
 Lesser Beckoning         Tloc           4%         N/A       26%         2
 Momentum Strike          Conj/Tloc      4%         3d8       26%         2
 Mephitic Cloud           Conj/Pois/Air  7%         N/A       28%         3
 Olgreb's Toxic Radiance  Pois           17%        N/A       30%         4
 Confusing Touch          Hex            2%         N/A       45%         3
 Vampiric Draining        Necr           2%         2d6       45%         3
 Vhi's Electric Charge    Tloc/Air       4%         N/A       45%         3
 Arcjolt                  Conj/Air       1%         1d11      99%         5
 Plasma Beam              Fire/Air       1%         2x1d12    100%        6


Dungeon Overview and Level Annotations

Branches:
Dungeon (4/15)
 Temple: D:4-7

Altars:

Shops:
D:3 !

Annotations:
D:4 Eustachio


Innate Abilities, Weirdness & Mutations

You are very small and have problems with some larger weapons.
You are too small for most types of armour.
You have supernaturally acute eyesight. (SInv)
You cover ground extremely quickly. (Speed+++)


Message History

Throw: 6 darts (atropa)
Press: ? - help, Shift-Dir - straight line, f/p - Eustachio
Aim: Eustachio, wielding a +0 rapier and wearing a +0 leather armour (severely wounded, poisoned, 54% to hit, chance to blind on hit: 75%)
You throw an atropa-tipped dart. The atropa-tipped dart hits Eustachio.
Eustachio resists.
Eustachio is severely wounded.
Throw: 5 darts (atropa)
Press: ? - help, Shift-Dir - straight line, f/p - Eustachio
Aim: Eustachio, wielding a +0 rapier and wearing a +0 leather armour (severely wounded, poisoned, 54% to hit, chance to blind on hit: 72%)
You throw an atropa-tipped dart.
The atropa-tipped dart misses Eustachio.
The atropa-tipped dart hits the quasit.
The quasit appears confused.
The quasit seems less confused.
Eustachio gestures wildly while chanting.
Eustachio blinks!
Throw: 4 darts (atropa)
Press: ? - help, Shift-Dir - straight line, f/p - Eustachio
Aim: Eustachio, wielding a +0 rapier and wearing a +0 leather armour (severely wounded, poisoned, 54% to hit, chance to blind on hit: 72%)
You throw an atropa-tipped dart. The atropa-tipped dart hits the ogre.
The ogre appears confused.
The ogre is lightly wounded.
The ogre barely misses Eustachio.
Eustachio casts a spell.
Eustachio blinks!
Eustachio looks more healthy.
The ogre seems less confused.
Eustachio screams, "This atrocity can only be purified with blood!"
Your magical contamination has completely faded away.
You hit the quasit.
The quasit is lightly wounded.
The quasit bites you. The quasit misses you. The quasit claws you.
You feel clumsy. The goblin hits you but does no damage.
You barely miss the ogre.
The ogre is lightly wounded.
The quasit is no longer blind.
The quasit barely misses you. The quasit misses you.
The quasit completely misses you. The goblin closely misses you.
The ogre hits you with a +0 giant club!!
Ouch! That really hurt!
You die...

##†#....## ..
#....###.#. #
#..........
#...####..##
#.........#
#...#####.#
#...#
########5..##
#......@O...#
#.######g@..#
#....# #....#
#..........
#.#..#..#..
#.#.........
. ...#..####
.# #..#..#


You could see Eustachio, an ogre (blind, very poisoned), a quasit (summoned) and
a goblin.

Vanquished Creatures
  3 orc priests
  An orc wizard (D:4)
  4 adders
  A worm (D:2)
  A dart slug (D:4)
  5 orcs
  4 ball pythons
  3 bats
  4 endoplasms
  2 giant cockroaches (D:3)
  3 hobgoblins
  4 quokkas
  2 frilled lizards
  5 goblins
  2 kobolds (D:1)
  4 rats
48 creatures vanquished.

Notes
Turn   | Place    | Note
-------+----------+-------------------------------------------
     0 | D:1      | Hubris850 the Spriggan Venom Mage began the quest for the
                  | Orb.
     0 | D:1      | Reached XP level 1. HP: 9/9 MP: 5/5
   367 | D:1      | Reached XP level 2. HP: 13/13 MP: 3/6
   579 | D:1      | Found a faded altar of an unknown god.
   743 | D:2      | Reached skill level 1 in Short Blades
   743 | D:2      | Reached skill level 4 in Stealth
   743 | D:2      | Reached XP level 3. HP: 16/16 MP: 3/8
   948 | D:2      | Learned a level 2 spell: Poisonous Vapours
   961 | D:2      | Identified the +4 short sword of Arbitration {freeze, rPois
                  | Dex+2 Stlth+}
  1520 | D:3      | Found Viesif's Distillery.
  1537 | D:3      | Reached XP level 4. HP: 5/21 MP: 5/9
  2105 | D:3      | Reached skill level 5 in Stealth
  2339 | D:4      | Reached XP level 5. HP: 24/24 MP: 6/10
  2562 | D:4      | Noticed Eustachio
  2683 | D:4      | Noticed an ogre
  2700 | D:4      | Slain by an ogre

Illustrated notes

Levels and vault maps discovered:
D:1:      wander_arrival_peaceful_grave, layout_basic,
          hellmonk_ecumenical_altar_heavens_door
D:2:      layout_loops_cross
D:3:      layout_rooms, serial_shops, nicolae_shop_crystal, serial_aquarium,
          aquarium_bridge_island_large [aquarium_subvault_large_water,
          aquarium_subvault_bridge, aquarium_subvault_bridge,
          aquarium_subvault_wall, aquarium_subvault_wall],
          aquarium_bridge_long_joined [aquarium_subvault_wall,
          aquarium_subvault_wall, aquarium_subvault_bridge,
          aquarium_subvault_wall, aquarium_subvault_window,
          aquarium_subvault_wall], aquarium_window_corridor_1,
          aquarium_window_fake, aquarium_window_1, aquarium_view_2c,
          aquarium_view_2f, hex_medium, minmay_curled_crystal
D:4:      layout_loops_ring, uniq_eustachio, uniq_menkaure

Skill      XL: |  1  2  3  4 |
---------------+-------------+-----
Dodging        | 3 |  3.0
Spellcasting   | 3 |  3.0
Short Blades   | 1 2 |  2.9
Stealth        | 4 5 |  5.7
Poison Magic   | 4 |  4.3
Transmutations | |  1.3

Action                     |  1- 3 |  4- 6 || total
---------------------------+-------+-------++-------
  Melee: Dagger            |    19 |       ||    19
         Short sword       |     5 |    39 ||    44
  Throw: Dart              |       |     3 ||     3
   Cast: Sting             |    41 |    24 ||    65
         Poisonous Vapours |       |    10 ||    10
   Stab: Sleeping          |     4 |     5 ||     9
 Armour: Robe              |     3 |    12 ||    15
  Dodge: Dodged            |    39 |    61 ||   100

Table legend: (Time is in decaauts)
 A = Elapsed time spent in this place.
 B = Non-inter-level travel time spent in this place.
 C = Inter-level travel time spent in this place.
 D = Time resting spent in this place.
 E = Time spent auto-exploring this place.
 F = Levels seen in this place.
 G = Mean time per level.
                   A        B        C        D        E       F      G
               +--------+--------+--------+--------+--------+-----+--------+
         Total |   2026 |   1968 |     58 |    570 |    971 |   4 |  506.5 |
       Dungeon |   2026 |   1968 |     58 |    570 |    971 |   4 |  506.5 |
               +--------+--------+--------+--------+--------+-----+--------+

Top non-repeatable levels by time:
     D:3: 694 daAuts
     D:1: 600 daAuts
     D:2: 508 daAuts
     D:4: 222 daAuts
